 Dungeon Crawl Stone Soup version 0.17-a0-1435-geafbe2f (webtiles) character file.

515 pulse the Cleaver (level 7, -5/58 HPs)
             Began as a Hill Orc Fighter on June 26, 2015.
             Slain by an ogre
             ... wielding a +0 giant club
              (25 damage)
             ... on level 4 of the Dungeon.
             The game lasted 00:08:04 (3719 turns).

pulse the Cleaver (Hill Orc Fighter)                Turns: 3719, Time: 00:08:04

Health: -5/58      AC:  9    Str: 21    XL:     7   Next: 20%
Magic:  7/7        EV:  5    Int: 14    God:
Gold:   124        SH: 10    Dex: 10    Spells: 0 memorised, 6 levels left

rFire  . . .     SeeInvis .     a - +1 war axe
rCold  . . .     Clarity  .     q - +0 chain mail
rNeg   . . .     SustAt   .     c - +1 shield
rPois  .         Gourm    .     (no helmet)
rElec  .         Spirit   .     (no cloak)
rCorr  .         Warding  .     (no gloves)
rMut   .         Stasis   .     (no boots)
MR     .....                    (no amulet)
Stlth  ..........               (no ring)
                                p - +6 ring of intelligence

@: starving, not resistant to hostile enchantments, extremely unstealthy
A: no striking features
a: no special abilities


You were on level 4 of the Dungeon.
You were starving.

You visited 1 branch of the dungeon, and saw 4 of its levels.

You collected 124 gold pieces.

Inventory:

Hand weapons
 a - a +1 war axe (weapon)
 v - a +2 mace of draining
Missiles
 t - 5 poisoned tomahawks (quivered)
Armour
 c - a +1 shield (worn)
 q - a +0 chain mail (worn)
Jewellery
 p - a +6 ring of intelligence (left hand)
Magical devices
 u - a wand of confusion (4)
Scrolls
 h - 2 scrolls of enchant weapon
 i - a scroll of identify
 r - a scroll of recharging {unknown}
Potions
 b - a potion of brilliance {unknown}
 g - 4 potions of curing
 l - 2 potions of haste
 o - a potion of flight
 s - a potion of resistance {unknown}
Comestibles
 d - 2 bread rations
 f - a meat ration


   Skills:
 - Level 3.8 Fighting
 * Level 9.8 Axes
 - Level 3.3 Armour
 - Level 3.4 Shields


You had 6 spell levels left.
You didn't know any spells.

Dungeon Overview and Level Annotations

Branches:
Dungeon (4/15)
 Temple: D:4-7

Altars:
Fedhas
Nemelex Xobeh


Message History

The ogre hits you with a giant club!! The hound bites you but does no damage.
You hit the ogre.
The ogre is moderately wounded.
You closely miss the hound. You block the hound's attack.
The ogre hits you with a giant club!
Your shield and chain mail prevent you from hitting the ogre.
The ogre is moderately wounded.
You closely miss the hound.
You are starving!
The hound bites you but does no damage. You block the ogre's attack.
The hound bites you but does no damage.
You hit the ogre.
The ogre is heavily wounded.
Your shield and chain mail prevent you from hitting the hound.
You block the hound's attack. The ogre hits you with a giant club.
You slash the ogre!
The ogre is almost dead.
You hit the hound but do no damage. The hound bites you but does no damage.
The hound bites you. The ogre hits you with a giant club!!
You die...

****** ******** **#******##
,,,,,* *,,,,,,* *..,,,,,..#
****,* *,*###,* #.#****##.#***
*,* *,,,...* #.# #...,,, *,*
**,,###.#####.####*#..#***
*,***,,,#..SO...%.....,,.)#
*,,,,,*,...#h@(...#**####.####
*****,,*,............####.....#..
,,,,,,,,,....#.####(.(..........#
****,,***.#..#.#####(####.##....#
,,,,,,* *,#..#,#..........##.)..#
,,,,,** *,#...,#<###......<.....#
****,* *,#..#*#.# #######.##)..#
,,,,,* *,#..###.# #.##.).# ****,*
*,#......# #.....(#


You could see an ogre, a hound and an adder.

Vanquished Creatures
  An ogre (D:4)
  A scorpion (D:4)
  A hound (D:4)
  An iguana (D:4)
  A giant frog skeleton (D:4)
  An orc wizard (D:3)
  A gnoll shaman (D:3)
  A worker ant (D:4)
  8 gnolls
  4 adders
  An ooze (D:1)
  4 worms
  3 giant geckos
  11 orcs
  A ball python (D:3)
  3 giant cockroaches
  9 goblins
  4 hobgoblins (D:1)
  6 jackals
  5 kobolds
  2 quokkas
  9 bats
  6 giant newts
  A quokka skeleton (D:3)
  8 rats
93 creatures vanquished.

Notes
Turn   | Place    | Note
--------------------------------------------------------------
     0 | D:1      | pulse the Hill Orc Fighter began the quest for the Orb.
     0 | D:1      | Reached XP level 1. HP: 19/19 MP: 1/1
   117 | D:1      | Reached XP level 2. HP: 27/27 MP: 2/2
   648 | D:1      | Reached skill level 4 in Axes
   649 | D:1      | Reached XP level 3. HP: 33/33 MP: 3/3
  1177 | D:2      | Reached skill level 5 in Axes
  1177 | D:2      | Reached XP level 4. HP: 38/40 MP: 4/4
  1953 | D:3      | Reached skill level 6 in Axes
  1953 | D:3      | Reached XP level 5. HP: 12/46 MP: 5/5
  1969 | D:3      | HP: 1/46 [gnoll/whip (3)]
  1970 | D:3      | Reached skill level 7 in Axes
  2302 | D:3      | Found a sparkling altar of Nemelex Xobeh.
  2464 | D:3      | Found a blossoming altar of Fedhas.
  2666 | D:3      | Reached XP level 6. HP: 35/52 MP: 6/6
  2950 | D:4      | Reached skill level 8 in Axes
  3570 | D:4      | Reached skill level 9 in Axes
  3607 | D:4      | Reached XP level 7. HP: 46/58 MP: 7/7
  3719 | D:4      | Slain by an ogre

Vault maps used:
D:1:      scummos_arrival_forest
D:2:      serial_curves, eino_curves_02, eino_curves_04, minivault_24
D:3:      lemuel_coloured_pillars_altar, first_bread,
          nemelex_xobeh_ov_fountains_minmay
D:4:      minivault_1

Action                   |  1- 3 |  4- 6 |  7- 9 || total
-------------------------+-------+-------+-------++-------
Melee: War axe           |   114 |   203 |     9 ||   326
Evoke: Wand              |       |     3 |       ||     3
  Use: Scroll            |       |    10 |       ||    10
       Potion            |       |     1 |       ||     1
  Eat: Chunk             |     1 |     2 |       ||     3
       Bread ration      |       |     1 |       ||     1
